 Dungeon Crawl Stone Soup version 0.29.0-4-gdea44cf6ec (webtiles) character file.

Game seed: 6766887642934150294

105 qw the Chopper (level 4, 0/35 HPs)
             Began as a Demonspawn Cinder Acolyte on Sept 9, 2022.
             Was an Elder of Ignis.
             Slain by a gnoll
             ... wielding a +0 club
              (5 damage)
             ... on level 3 of the Dungeon.
             The game lasted 00:01:01 (2810 turns).

qw the Chopper (Demonspawn Cinder Acolyte)          Turns: 2810, Time: 00:01:01

Health: 0/35       AC: 17    Str: 17    XL:     4   Next: 54%
Magic:  5/5        EV:  4    Int: 15    God:    Ignis [****..]
Gold:   65         SH:  0    Dex:  8    Spells: 5/5 levels left

rFire   + . .      SeeInvis .   Y - -1 hand axe (flame)
rCold   . . .      Faith    .   (no shield)
rNeg    . . .      Spirit   .   j - +0 plate armour
rPois   .          Reflect  .   (helmet restricted)
rElec   .          Harm     .   (no cloak)
rCorr   .          Rampage  .   (no gloves)
Will    .....                   (no boots)
Stlth   ..........              (no amulet)
HPRegen 0.11/turn               (no ring)
MPRegen 0.09/turn               (no ring)

@: fiery-armoured
A: antennae 1
a: Renounce Religion, Fiery Armour, Foxfire Swarm, Rising Flame


You were on level 3 of the Dungeon.
You worshipped Ignis.
Ignis was greatly pleased with you.
You visited 1 branch of the dungeon, and saw 3 of its levels.

You collected 65 gold pieces.


Innate Abilities, Weirdness & Mutations

You have a pair of small antennae on your head.


   Skills:
 - Level 3.0 Fighting
 + Level 4.6 Axes
 - Level 1.0 Armour
 - Level 0.2 Dodging
 - Level 1.0 Spellcasting
 - Level 2.6 Fire Magic


You had 5 spell levels left.
You didn't know any spells.
Your spell library contained the following spells:

 Spells                   Type           Power      Damage    Failure   Level
 Scorch                   Fire           16%        2d5       100%        2

Inventory:

Hand Weapons
 Y - a -1 hand axe of flaming (weapon)
Armour
 j - a +0 plate armour (worn)
Scrolls
 a - 2 scrolls of identify
Potions
 c - 2 potions of curing
 d - a potion of might {unknown}
 f - a potion of haste {unknown}
 l - a potion of mutation {unknown}
 n - 2 potions of heal wounds {unknown}
 p - a potion of degeneration {unknown}

Dungeon Overview and Level Annotations

Branches:
Dungeon (3/15)

Altars:


Message History

The gnoll barely misses you. The gnoll hits you but does no damage.
You hit the gnoll. You burn the gnoll.
The gnoll is almost dead.
The gnoll hits you with a +0 spear!
The gnoll is burned by your cloak of flames.
You kill the gnoll!
The gnoll throws a throwing net.
The throwing net hits you.
You become entangled in the net!
You tear a large gash into the net.
The gnoll hits you from afar with a +0 spear.
You struggle against the net.
The gnoll hits you but does no damage.
You shred the net and break free! The gnoll hits you but does no damage.
2805 ||| Stepping ~*~*~tactically~*~*~ (stealth).
The gnoll hits you with a +0 spear.
The gnoll is burned by your cloak of flames.
The gnoll is moderately wounded.
You see here a +0 flail.
You barely miss the gnoll.
The gnoll is moderately wounded.
The endoplasm quivers.
The gnoll hits you but does no damage.
The gnoll is burned by your cloak of flames.
The gnoll is heavily wounded.
You closely miss the gnoll.
The gnoll is heavily wounded.
The gnoll hits you with a +0 spear.
The gnoll is burned by your cloak of flames.
The gnoll is almost dead.
You barely miss the gnoll.
The gnoll is almost dead.
You closely miss the gnoll.
The gnoll is almost dead.
You closely miss the gnoll. The gnoll hits you with a +0 spear.
The gnoll is burned by your cloak of flames.
You kill the gnoll!
The gnoll hits you with a +0 club.
You die...

#.# #.# #.# #.#
#######.########
...............#
######...#####.#
#.....# #.#
##...## #@#
##.## #.)gl.....
#.# ##.##.....
#.# ### .... #+#
... .. .


You could see an iguana and a gnoll.

Vanquished Creatures
  3 gnolls (D:3)
  An adder (D:2)
  2 worms (D:2)
  4 endoplasms
  6 giant cockroaches
  10 goblins
  8 hobgoblins
  5 jackals
  2 quokkas
  5 ball pythons (D:1)
  7 bats
  6 frilled lizards
  2 kobolds (D:2)
  3 rats
64 creatures vanquished.

Notes
Turn   | Place    | Note
-------+----------+-------------------------------------------
     0 | D:1      | qw the Demonspawn Cinder Acolyte began the quest for the
                  | Orb.
     0 | D:1      | Reached XP level 1. HP: 18/18 MP: 2/2
     0 | D:1      | 0 ||| qw: Version: 0.1-a-113-g051387a
     0 | D:1      | 0 ||| qw: Game counter: 7145
     0 | D:1      | 0 ||| qw: Always use a shield: true
     0 | D:1      | 0 ||| qw: God list: Okawaru
     0 | D:1      | 0 ||| qw: Allow faded altars: false
     0 | D:1      | 0 ||| qw: Do Orc after D:15 true
     0 | D:1      | 0 ||| qw: Do second Lair branch before Depths: true
     0 | D:1      | 0 ||| qw: Lair rune preference: random
     0 | D:1      | 0 ||| qw: Plans: Normal
     0 | D:1      | 0 ||| PLANNING D:1-11
   160 | D:1      | Found a faded altar of an unknown god.
   204 | D:1      | Reached skill level 3 in Axes
   301 | D:1      | 301 ||| INVOKING Fiery Armour.
   362 | D:1      | Discovered your monstrous ancestry.
   362 | D:1      | Gained mutation: You have a pair of small antennae on your
                  | head. [demonic ancestry]
   362 | D:1      | Reached XP level 2. HP: 14/24 MP: 3/3
   606 | D:1      | 606 ||| INVOKING Fiery Armour.
   847 | D:1      | 847 ||| INVOKING Fiery Armour.
  1075 | D:1      | Reached XP level 3. HP: 25/26 MP: 4/4
  1357 | D:1      | Reached skill level 4 in Axes
  1702 | D:1      | 1702 ||| UPGRADING to +0 leather armour.
  1712 | D:1      | 1712 ||| DROPPING +0 robe.
  1713 | D:1      | 1713 ||| UPGRADING to +0 plate armour.
  1723 | D:1      | 1723 ||| DROPPING +0 leather armour.
  1724 | D:1      | 1724 ||| READING 3 scrolls labelled YMEIRYO NIDDE.
  1725 | D:1      | 1725 ||| READING scroll labelled PYFAXEXK FOATOTTET.
  1726 | D:1      | 1726 ||| READING scroll labelled YFUUWIKI TUEGI.
  1727 | D:1      | 1727 ||| DRINKING 3 viscous clear potions.
  1728 | D:1      | 1728 ||| DRINKING 3 sedimented dark potions.
  1751 | D:1      | 1751 ||| READING 2 scrolls of identify.
  1751 | D:1      | 1751 ||| IDENTIFYING viscous grey potion
  1752 | D:1      | 1752 ||| DROPPING 2 potions of attraction.
  1753 | D:1      | 1753 ||| DROPPING 2 potions of lignification.
  1871 | D:2      | 1871 ||| Stepping ~*~*~tactically~*~*~ (stealth).
  1931 | D:2      | 1931 ||| Stepping ~*~*~tactically~*~*~ (stealth).
  2038 | D:2      | 2038 ||| Stepping ~*~*~tactically~*~*~ (stealth).
  2043 | D:2      | 2043 ||| INVOKING Fiery Armour.
  2045 | D:2      | Reached skill level 1 in Armour
  2047 | D:2      | 2047 ||| Stepping ~*~*~tactically~*~*~ (hiding).
  2053 | D:2      | Reached XP level 4. HP: 33/35 MP: 5/5
  2438 | D:2      | 2438 ||| READING scroll labelled FUAS ZOTHAORISIS.
  2443 | D:2      | 2443 ||| READING scroll labelled UKIHOR ACAGOD.
  2444 | D:2      | 2444 ||| DRINKING 2 inky potions.
  2445 | D:2      | 2445 ||| DRINKING 2 blue potions.
  2446 | D:2      | 2446 ||| DROPPING potion of flight.
  2447 | D:2      | 2447 ||| DROPPING potion of magic.
  2791 | D:3      | 2791 ||| Stepping ~*~*~tactically~*~*~ (hiding).
  2796 | D:3      | 2796 ||| INVOKING Fiery Armour.
  2805 | D:3      | 2805 ||| Stepping ~*~*~tactically~*~*~ (stealth).
  2808 | D:3      | HP: 6/35 [gnoll/+0 spear (6)]
  2810 | D:3      | Slain by a gnoll

Levels and vault maps discovered:
D:1:      dpeg_arrival_lava_temple_mockup, layout_basic,
          hellmonk_ecumenical_altar_blasted
D:2:      layout_rooms, basic_altar, minmay_diced_spiral
D:3:      layout_loops_corners, chequers_decorated_corner,
          minmay_three_crescents

Skill      XL: |  1  2  3 |
---------------+----------+-----
Axes           | 3 4 |  4.6
Armour         | 1 |  1.0
Fighting       | |  3.0
Dodging        | |  0.2
Spellcasting   | |  1.0
Fire Magic     | |  2.6

Action                   |  1- 3 |  4- 6 || total
-------------------------+-------+-------++-------
Melee: Hand axe          |   144 |    45 ||   189
Invok: Fiery Armour      |     4 |     1 ||     5
  Use: Scroll            |     4 |     2 ||     6
       Potion            |     2 |     2 ||     4
Armor: Robe              |    27 |       ||    27
       Plate armour      |    27 |    34 ||    61
Dodge: Dodged            |    87 |     7 ||    94

Table legend:
 A = Non-vault XP
 B = Vault XP
 C = Vault XP percentage of total XP
 D = Non-vault monster count
 E = Vault monster count
 F = Vault count percentage of total count
                 A         B        C        D         E       F
            +---------+---------+-------+---------+---------+-------
      Total |     151 |      14 |   8.5 |      58 |       6 |   9.4
            +---------+---------+-------+---------+---------+-------
        D:1 |      58 |       0 |   0.0 |      34 |       0 |   0.0
        D:2 |      37 |      14 |  27.5 |      13 |       6 |  31.6
        D:3 |      56 |       0 |   0.0 |      11 |       0 |   0.0
            +---------+---------+-------+---------+---------+-------
